← All builds
Pond / Armada / Economy first / OBSERVED BUILD

Gunslinger buy

Armada Pond build order · Supreme Isthmus

Pond pays Tech to build and hand over a Gunslinger from 5:05 for the front line.

#team support · 104 distinct matches · 51 players · 5% of Armada Pond games · team won 46% of 104 · Recently observed

THE CATCH, AND WHAT COMES WITH IT
  • GunslingerGunslinger from Tech arrives 5:05 · 4% of role by thenTech makes it and hands it over.

Paid for by sending allies about 580 metal and 12,000 energy by 5:00; standard pond sends 0 metal and 9,000 energy.

Where those units first fight, in 99 games with kill data: in the middle 82%, on their own side 18%.

Those units destroy a typical 1,824 metal of enemy units by 15:00.

Then transitions into tick (31% of army), pawn (11% of army), blitz (8% of army).

HOW TO PLAY IT

Key timing: Gunslinger by 5:05

  1. Open tidal-heavy eco, pay allies metal and energy early.
  2. Put down Bot Lab as normal for Pond.
  3. Buy a Gunslinger from Tech instead of building your own.
  4. Send the Gunslinger to fight in the middle.
  5. Fall back into standard Tick/Pawn/Blitz production.

Phase by phase

TYPICAL OF ITS 104 GAMES · AGAINST STANDARD POND
  1. 1
  2. 2
  3. 3
PLAY THE OPENING

Follow the example game's first 6:05 step by step: what to build now, what comes next, and where it goes. At 1× it keeps pace with your own game.

  1. 1

    Up to the Bot Lab

    Economy
    • Metal Extractor4Mex
    • Tidal Generator8Tidalfor allies
    • Wind Turbine5Wind
    • Tidal Generator2Tidal
    • Energy Storage1Energy storage
    Order
    1. Bot LabBot Lab after 4 mex, 5 wind, 2 tidaldone ~3:50, middle half 3:16–5:40

    Some games also: converter (33%)

    By 3:29 in all: 4 mex · 5 wind · 2 tidal · 1 energy storage

    The example game in this phase · 42 steps
    1. Tidal ×8for Suicide front
    2. Tidal ×2
    3. Mex ×4
    4. Wind ×3
    5. Energy storage
    6. Wind ×7
    7. Con turret
    8. SentrySentry
    9. Radar TowerRadar Tower
    10. BeamerBeamer
    11. GauntletGauntletdone 7:25
    12. Con turret
    13. BeamerBeamer
    14. Converter
    15. Wind
    16. SentrySentry
    17. Con turret
    18. SentrySentry
    19. Wind ×8
    20. Naval Energy Converter
    21. Converter
    22. Naval Energy Converter
    23. Converter
    24. Naval Energy Converter
    25. Wind
    26. Naval Energy Converter
    27. Wind ×2
    28. Naval Energy Converter
    29. Wind ×2
    30. Advanced Metal ExtractorT2 mexdone 10:00 · typical 9:22
    31. Wind
    32. Advanced Metal ExtractorT2 mex
    33. Wind
    34. Radar TowerRadar Tower
    35. Wind ×2
    36. Advanced Metal ExtractorT2 mex
    37. Converter ×2
    38. Advanced Metal ExtractorT2 mex
    39. Wind ×9
    40. Converter ×2
    41. Wind ×8
    42. Bot LabBot Labdone 12:50 · typical 3:50
  2. 2

    Bot Lab to 5:00

    Economy
    • Wind Turbine1Wind−3 vs standard
    Builders
    • Construction Bot1 Con bot

    Some games also: Lazarus (33%)

    By 5:00 in all: 4 mex · 10 wind · 2 tidal · 1 converter · 1 energy storage

  3. 3

    5:00 to 10:00

    Economy
    • Wind Turbine18Wind−11 vs standard
    • Energy Converter2Converter−6 vs standard
    Builders
    • Construction Turret1 Con turret

    Some games also: tick (44%) · con bot (44%) · eat Bot Lab (41%)

    By 10:00 in all: 4 mex · 36 wind · 2 tidal · 6 converter (standard 9) · 1 energy storage · 2 con turret

    The example game in this phase · 34 steps
    1. Wind
    2. Converter
    3. Construction BotCon bot
    4. PawnPawn
    5. Converter
    6. PawnPawn ×2
    7. Wind
    8. PawnPawn ×3
    9. Wind ×2
    10. PawnPawn ×2
    11. Wind
    12. PawnPawn ×2
    13. Converter
    14. PawnPawn
    15. Converter
    16. PawnPawn
    17. Wind ×2
    18. PawnPawn ×4
    19. Wind
    20. PawnPawn
    21. LazarusLazarus
    22. Converter
    23. LazarusLazarus
    24. Converter
    25. LazarusLazarus
    26. Wind
    27. LazarusLazarus
    28. Wind ×4
    29. LazarusLazarus
    30. Wind
    31. Construction BotCon bot
    32. Wind
    33. Construction BotCon bot
    34. Wind

Counts are medians over the build's games: half of them build more, half fewer. The example game is Viltrum's (40 OS, 07/10/2026); pick another.

Team trades

IN AT LEAST 30% OF ITS GAMES

You hand over

  • Tidal Generator8 Tidal to Suicide front or Frontfirst at 0:12 · in 99% of games

You get

  • Gunslinger1 Gunslinger from Techfirst at 5:05 · in 100% of games
  • Advanced Construction Bot1 T2 con bot from Techfirst at 7:46 · in 96% of games

How it plays out

Typical game of this build against the role’s standard build, running totals by minute

  • This build
  • Standard pond

Metal produced

010k20k30k
0:005:0010:0015:00

metal

Enemy metal destroyed

02k4k6k
0:005:0010:0015:00

metal

Own metal lost

02k4k
0:005:0010:0015:00

metal

Metal sent to allies

01k2k
0:005:0010:0015:00

metal

Energy sent to allies

020k40k60k
0:005:0010:0015:00

metal

104 games.

Show as table
ByMetal produced: This buildMetal produced: Standard pondEnemy metal destroyed: This buildEnemy metal destroyed: Standard pondOwn metal lost: This buildOwn metal lost: Standard pondMetal sent to allies: This buildMetal sent to allies: Standard pondEnergy sent to allies: This buildEnergy sent to allies: Standard pond
1:0011511500000013471281
2:0026726800000031292778
3:0078379900000054704410
4:0014651474000093079756114
5:002180218400005771117798991
6:002949299300006722331696212703
7:00383539036372110507154302157315664
8:004793494314011702781268074582659319382
9:0059126225191838065032410164672842021294
10:00698677392666610106155011324773300223404
11:00910197113068807140084212415143826626186
12:001096512076316011681813129613205144553528203
13:001308114601386615652515187414366005056330704
14:001521217522453321033143249314926345367531489
15:001783320248488125763513324816286865562032676
WHAT THE NUMBERS SAY

Won less often than the standard build, but destroyed much more enemy metal by both 10:00 and 15:00 despite losing more of its own.

  • + Destroyed 5314 enemy metal by 15:00 vs 2982 for standard.
  • − Team win rate 40% vs 45% for standard build.
  • − Own metal lost by 15:00 (4508) well above standard (3531).
THE EXAMPLE YOU ARE READING

Viltrum

40.0 OS · 07/10/2026

Open source match ↗

19 received units · includes a constructor
14 metal received · 26403 energy received

Allied construction assistance is unknown. Timings are observations, not a promise of solo reproducibility.

Typical milestones

Bot Lab3:50Middle 50%: 3:16–5:40 · n=97
Advanced Metal Extractor9:22Middle 50%: 8:30–10:10 · n=98

Played most by

Deathkebab13games of this buildViltrum10games of this buildChaoticNoob7games of this build[NWP]Kadafi9235games of this buildStefan11565games of this build